cohdb
Replays
Latest Replays
All Replays
Popular Replays
Top Player Replays
Match Explorer
How It Works
Community
CoH3 Stats
Reddit
Sign in to upload your games and track your stats! →
Sign in with Steam
Match 44581788
Unlisted
Match 44581788
Overview
Messages
Build Orders
End
Selects Italian Combined Arms Battlegroup
Selects Bersaglieri Squad
Bersaglieri Squad
250 Light Carrier
Bersaglieri Squad
Construct Light Support Kompanie
Combat Half-tracks
Bersaglieri Squad
2.5-tonne Medical Truck
Panzerjäger Mechanized Group
Fire Support Elements
Selects Semovente da 75/18 Assault Gun
Semovente da 75/18 Assault Gun
Selects Carro Armato M13/40 Light Tank
Carro Armato M13/40 Light Tank
Vehicle Survival Package
Gaylord Thistlebottom VII
JT
冲锋大哥
Pops
noLiberation
Blaston
Some_Devil
Alekel
0
0
Comments
sign in to comment!
No comments posted yet!